 Dungeon Crawl Stone Soup version 0.26.0-10-g1f06aea511 (webtiles) character file.

Game seed: 6859014555539951206

56 ythm the Chucker (level 3, -1/33 HPs)
             Began as a Troll Hunter on Jan 13, 2021.
             Slain by an ogre
             ... wielding a +0 giant spiked club
              (28 damage)
             ... on level 3 of the Dungeon.
             The game lasted 00:02:24 (1269 turns).

ythm the Chucker (Troll Hunter)                     Turns: 1269, Time: 00:02:25

Health: -1/33      AC:  6    Str: 20    XL:     3   Next: 71%
Magic:  2/2        EV: 10    Int:  7    God:
Gold:   75         SH:  0    Dex: 11    Spells: 2/2 levels left

rFire    . . .     SeeInvis .   a - +0 short sword
rCold    . . .     Faith    .   (no shield)
rNeg     . . .     Spirit   .   k - +0 robe (curse)
rPois    .         Reflect  .   l - +0 hat
rElec    .         Harm     .   (no cloak)
rCorr    .         Rampage  .   (gloves unavailable)
Will     .....                  (boots unavailable)
Stlth    +.........             (no amulet)
HPRegen  0.51/turn              (no ring)
MPRegen  0.08/turn              (no ring)

@: no status effects
A: large, unfitting armour, claws 3, regeneration 1, shaggy fur 1, tough skin 3
a: no special abilities


You were on level 3 of the Dungeon.
You visited 1 branch of the dungeon, and saw 4 of its levels.

You collected 75 gold pieces.

Inventory:

Hand Weapons
 a - a +0 short sword (weapon)
Missiles
 c - 2 large rocks (quivered)
 d - 2 throwing nets
Armour
 b - a +0 robe
 k - a cursed +0 robe (worn)
 l - a +0 hat (worn)
Jewellery
 n - a cursed ring of teleportation {unknown}
Scrolls
 f - a scroll of immolation {unknown}
 h - 2 scrolls of magic mapping
 i - 2 scrolls of identify {unknown}
 m - a scroll of enchant armour {unknown}
 o - a scroll of teleportation {unknown}
Potions
 e - 2 potions of invisibility {unknown}
 g - 2 potions of curing {unknown}
 j - 3 potions of heal wounds {unknown}


   Skills:
 - Level 1.5 Fighting
 - Level 3.6 Throwing
 - Level 1.5 Dodging
 - Level 0.3 Stealth
 + Level 3.4 Unarmed Combat


You had 2 spell levels left.
You didn't know any spells.
Your spell library was empty.

Dungeon Overview and Level Annotations

Branches:
Dungeon (4/15)
 Temple: D:4-7

Altars:
Fedhas
Qazlal


Innate Abilities, Weirdness & Mutations

You are too large for most types of armour.
You have claws for hands.
Your natural rate of healing is unusually fast.
You are covered in fur. (AC +1)
You have extremely tough skin. (AC +3)


Message History

The ogre hits you with a +0 giant spiked club.
You climb upwards.
A hobgoblin comes into view.
There is a stone staircase leading down here.
Unknown command.
Unknown command.
Found 12 gold pieces.
Found 4 gold pieces.
Throw: 3 large rocks
Press: ? - help, Q - select action, (/) - cycle Shift-Dir - straight line, f - ogre
Aim: an ogre, wielding a +0 giant spiked club (lightly wounded)
You throw a large rock. The large rock hits the ogre!
The ogre is heavily wounded.
The ogre hits you but does no damage.
Unknown command.
You hit the ogre but do no damage.
The ogre is heavily wounded.
The ogre hits you with a +0 giant spiked club!!
Ouch! That really hurt!
You die...

###### #....## ##
#..♣.. #.. #..
#....## ...###.#
##..$..##
........###$.#O@..#
#..#.#......(g..##
#g#.####...##..#
#...##...#######
#......### ##..####
###..# #...>#
#.##.#


You could see an ogre and a hobgoblin.

Vanquished Creatures
  2 adders (D:2)
  A dart slug (D:2)
  A leopard gecko (D:4)
  A ball python (D:2)
  4 bats
  3 giant cockroaches
  3 goblins
  4 hobgoblins
  2 jackals (D:1)
  3 frilled lizards (D:1)
  6 kobolds
  4 rats (D:1)
34 creatures vanquished.

Notes
Turn   | Place    | Note
-------+----------+-------------------------------------------
     0 | D:1      | ythm the Troll Hunter began the quest for the Orb.
     0 | D:1      | Reached XP level 1. HP: 19/19 MP: 0/0
    62 | D:1      | Reached skill level 1 in Unarmed Combat
   225 | D:1      | Reached XP level 2. HP: 27/27 MP: 1/1
   765 | D:2      | Found a stormy altar of Qazlal.
   817 | D:2      | Reached XP level 3. HP: 33/33 MP: 2/2
  1233 | D:2      | You fall into a shaft and drop 2 floors!
  1233 | D:4      | Found a blossoming altar of Fedhas.
  1245 | D:4      | Noticed an ogre
  1247 | D:4      | Noticed an ogre
  1269 | D:3      | Slain by an ogre

Illustrated notes

Levels and vault maps discovered:
D:1:      dpeg_arrival_orchard, layout_loops_ring
D:2:      layout_loops_corners, general_overflow_altar, wad_orctagon
D:3:      minmay_bubble_buster, layout_rooms, lemuel_crystal_altar, st_stairs_4,
          chequers_mini_garden, uniq_jessica
D:4:      cheibrodos_greedy_goblins, layout_basic, lemuel_crystal_altar,
          serial_shops, nicolae_shop_crystal, uniq_blork_the_orc, uniq_edmund,
          uniq_eustachio

Skill      XL: |  1  2  3 |
---------------+----------+-----
Unarmed Combat | 1 2 3 |  3.4
Fighting       | |  1.5
Throwing       | |  3.6
Dodging        | |  1.5
Stealth        | |  0.3

Action                   || total
-------------------------++-------
Melee: Short sword       ||   142
       Punch             ||     1
Throw: Large rock        ||     3
  Use: Scroll            ||     1
 Stab: Sleeping          ||     3
Armor: Robe              ||    80
Dodge: Dodged            ||    82
